 Dungeon Crawl Stone Soup version 0.29-a0-1008-g949cc1d0fb (webtiles) character file.

Game seed: 10561200351772222406

72 Zonian the Gusty (level 4, -4/24 HPs)
             Began as a Tengu Air Elementalist on Aug 7, 2022.
             Slain by Sigmund
             ... wielding a +0 vampiric scythe
              (5 damage)
             ... on level 3 of the Dungeon.
             The game lasted 00:05:10 (2970 turns).

Zonian the Gusty (Tengu Air Elementalist)           Turns: 2970, Time: 00:05:11

Health: -4/24      AC:  2    Str: 15    XL:     4   Next: 26%
Magic:  6/8        EV: 12    Int: 14    God:
Gold:   63         SH:  0    Dex: 13    Spells: 5/8 levels left

rFire   . . .      SeeInvis .   k - +8 dagger of Sasusyist {freeze, rPois}
rCold   . . .      Faith    .   (no shield)
rNeg    . . .      Spirit   .   a - +0 robe
rPois   +          Reflect  .   (helmet restricted)
rElec   .          Harm     .   (no cloak)
rCorr   .          Rampage  .   (no gloves)
Will    .....                   (boots unavailable)
Stlth   ++........              m - amulet of magic regeneration
HPRegen 0.08/turn               (no ring)
MPRegen 0.51/turn               (no ring)

@: flying
A: beak, talons 3, strong 1
a: no special abilities


You were on level 3 of the Dungeon.
You visited 1 branch of the dungeon, and saw 3 of its levels.

You collected 63 gold pieces.

Inventory:

Hand Weapons
 f - a +0 short sword
 k - the +8 dagger of Sasusyist (weapon) {freeze, rPois}
   (You found it on level 2 of the Dungeon)

   It freezes those it strikes, dealing additional cold damage.
   It can also slow down cold-blooded creatures.
   rPois:     It protects you from poison.
Armour
 a - a +0 robe (worn)
 e - a +0 pair of gloves
Jewellery
 j - an amulet of the acrobat
 m - an amulet of magic regeneration (around neck)
Scrolls
 d - 2 scrolls of identify {unknown}
 g - a scroll of noise {unknown}
Potions
 b - a potion of magic
 c - a potion of lignification {unknown}
 h - 2 potions of flight
 i - a potion of might {unknown}


   Skills:
 + Level 2.9 Dodging
 + Level 2.6 Stealth
 + Level 2.5 Spellcasting
 + Level 2.5 Conjurations
 + Level 4.6 Air Magic


You had 5 spell levels left.
You knew the following spells:

 Your Spells              Type           Power      Damage    Failure   Level
a - Shock                 Conj/Air       44%        1d5       5%          1
b - Static Discharge      Conj/Air       11%        3-5/arc   8%          2

Your spell library contained the following spells:

 Spells                   Type           Power      Damage    Failure   Level
 Swiftness                Air            14%        N/A       10%         3
 Foxfire                  Conj/Fire      20%        2x1d5     14%         1
 Airstrike                Air            7%         2d(1-17)  32%         4
 Conjure Flame            Conj/Fire      5%         6-21      38%         3
 Call Canine Familiar     Summ           1%         N/A       56%         3
 Inner Flame              Hex/Fire       1%         N/A       56%         3
 Portal Projectile        Hex/Tloc       2%         N/A       56%         3
 Flame Wave               Conj/Fire      5%         2d5       80%         4
 Leda's Liquefaction      Hex/Erth       0%         N/A       92%         4
 Olgreb's Toxic Radiance  Pois           1%         N/A       92%         4
 Ozocubu's Refrigeration  Ice            0%         4d7       100%        7
 Ignition                 Fire           0%         3d3       100%        8


Dungeon Overview and Level Annotations

Branches:
Dungeon (3/15)

Altars:

Annotations:
D:3 Sigmund


Innate Abilities, Weirdness & Mutations

You have a beak for a mouth.
You have claws for feet.
Your muscles are strong. (Str +4, Int/Dex -1)


Message History

Sigmund casts a spell at you. The magic dart hits you.
Unknown command.
The zap hits Sigmund.
Sigmund is moderately wounded.
The zap hits Sigmund but does no damage.
Sigmund is moderately wounded.
The zap hits Sigmund.
Sigmund is moderately wounded.
Sigmund hits you but does no damage.
Unknown command.
The zap misses Sigmund.
The zap hits Sigmund.
Sigmund is heavily wounded.
Sigmund gestures at you while chanting. The magic dart hits you.
Unknown command.
The zap misses Sigmund.
Sigmund hits you but does no damage.
The zap hits Sigmund.
Sigmund is heavily wounded.
Sigmund mumbles some strange words.
Sigmund flickers and vanishes!
Deactivating autopickup; reactivate with Ctrl-A.
Unknown command.
Something hits you.
You hit something. You freeze something.
Unknown command.
You miss something. Your kick misses something. Something hits you!
* * * LOW HITPOINT WARNING * * *
You hit something. You freeze something. You claw something.
Something hits you.
* * * LOW HITPOINT WARNING * * *
Unknown command.
It was a potion of flight.
You feel very buoyant.
You fly up into the air.
It was a potion of mutation.
You feel extremely strange.
You feel stronger. Something hits you.
You die...

#####
....####################
........................
...>....................
.......########..#......
........................
.......#.##.###..#......
.......#.# # #.....#...
####...#.# .# #.@#..# #.
.......#.##.# #.{#.....
####.....#..###..# .#.#.
#............[. .#.#
#..........#..# #
#.......#......
####..............
..................
.....##........


There were no monsters in sight!

Vanquished Creatures
  An adder (D:3)
  A dart slug (D:1)
  An orc (D:3)
  7 ball pythons
  5 endoplasms
  2 giant cockroaches
  7 goblins
  5 hobgoblins
  3 jackals (D:1)
  6 kobolds
  2 quokkas (D:1)
  6 bats
  4 frilled lizards (D:1)
  3 rats
53 creatures vanquished.

Notes
Turn   | Place    | Note
-------+----------+-------------------------------------------
     0 | D:1      | Zonian the Tengu Air Elementalist began the quest for the
                  | Orb.
     0 | D:1      | Reached XP level 1. HP: 10/10 MP: 4/4
   112 | D:1      | Reached XP level 2. HP: 15/15 MP: 0/6
   217 | D:1      | Learned a level 2 spell: Static Discharge
   577 | D:1      | Reached XP level 3. HP: 19/19 MP: 0/7
   981 | D:1      | Found a faded altar of an unknown god.
  1741 | D:2      | Identified the +8 dagger of Sasusyist {freeze, rPois}
  2153 | D:2      | Identified the +3 leather armour of Fuwakhlech {+Blink rC-
                  | Int-3 Dex+5}
  2290 | D:2      | Reached XP level 4. HP: 24/24 MP: 6/8
  2952 | D:3      | Noticed Sigmund
  2968 | D:3      | HP: 1/24 [something (4)]
  2970 | D:3      | Gained mutation: Your muscles are strong. (Str +4, Int/Dex
                  | -1) [potion of mutation]
  2970 | D:3      | Slain by Sigmund

Illustrated notes

Levels and vault maps discovered:
D:1:      minmay_arrival_arboretum_large, layout_basic,
          hellmonk_ecumenical_altar_prayer_group, minmay_nonomino_d4
D:2:      layout_basic
D:3:      layout_basic, serial_shops, nicolae_shop_bloodbath_and_beyond,
          uniq_sigmund

Skill      XL: |  1  2 |
---------------+-------+-----
Conjurations   | 2 |  2.5
Dodging        | |  2.9
Stealth        | |  2.6
Spellcasting   | |  2.5
Air Magic      | |  4.6

Action                   |  1- 3 |  4- 6 || total
-------------------------+-------+-------++-------
Melee: Kick              |     3 |     1 ||     4
       Short sword       |     3 |       ||     3
       Dagger            |       |     3 ||     3
 Cast: Shock             |   101 |    23 ||   124
  Use: Potion            |       |     2 ||     2
Armor: Robe              |     1 |     3 ||     4
Dodge: Dodged            |    13 |     1 ||    14

Table legend: (Time is in decaauts)
 A = Elapsed time spent in this place.
 B = Non-inter-level travel time spent in this place.
 C = Inter-level travel time spent in this place.
 D = Time resting spent in this place.
 E = Time spent auto-exploring this place.
 F = Levels seen in this place.
 G = Mean time per level.
                   A        B        C        D        E       F      G
               +--------+--------+--------+--------+--------+-----+--------+
         Total |   2968 |   2794 |    174 |    281 |   2131 |   3 |  989.3 |
       Dungeon |   2968 |   2794 |    174 |    281 |   2131 |   3 |  989.3 |
               +--------+--------+--------+--------+--------+-----+--------+

Top non-repeatable levels by time:
     D:1: 1495 daAuts
     D:2: 1301 daAuts
     D:3: 171 daAuts
